 Dungeon Crawl Stone Soup version 0.26.1 (webtiles) character file.

Game seed: 1284564866255042370

8178 jlumianski the Carver (level 11, -4/95 (97) HPs)
             Began as a Palentonga Fighter on Feb 8, 2021.
             Was a High Priest of Makhleb.
             Killed from afar by a death drake (12 damage)
             ... with a foul vapour
             ... in a Gauntlet.
             The game lasted 00:51:01 (9830 turns).

jlumianski the Carver (Palentonga Fighter)          Turns: 9830, Time: 00:51:02

HP:   -4/95 (97)    AC: 21    Str: 24    XL:     11   Next: 6%
MP:   15/15         EV:  9    Int:  8    God:    Makhleb [*****.]
Gold: 614           SH: 11    Dex:  9    Spells: 10/10 levels left

rFire    . . .     SeeInvis +   d - +8 autumn katana {vorpal, Clar}
rCold    . . .     Faith    .   c - +1 kite shield
rNeg     . . .     Spirit   .   P - +0 acid dragon scales
rPois    +         Reflect  .   (no helmet)
rElec    .         Harm     .   J - +0 cloak
rCorr    +         Rampage  .   K - +1 pair of gloves
Will     .....     Clarity  +   (no barding) Stlth +.........NoTele +
                                n - amulet of the acrobat
HPRegen  0.25/turn              h - ring of poison resistance
MPRegen  0.14/turn              A - +4 ring of protection

@: lethally poisoned (-4 -> -24), slowed, lightly drained, curled up, very slow
A: large, rugged brown scales 3, see invisible, deformed body, roll 1, armoured
tail, reflexive curl
a: Rolling Charge, Renounce Religion, Minor Destruction, Lesser Servant of
Makhleb, Major Destruction, Greater Servant of Makhleb


You were in a Gauntlet.
You worshipped Makhleb.
Makhleb was extremely pleased with you.
You visited 1 branch of the dungeon, and saw 11 of its levels.
You also visited: Ossuary and Gauntlet.

You collected 757 gold pieces.
You spent 143 gold pieces at shops.

Inventory:

Hand Weapons
 a - a +1 war axe
 d - the +8 autumn katana (weapon) {vorpal, Clar}
   (You found it on level 6 of the Dungeon)

   It inflicts extra damage upon your enemies.
   It protects you against confusion.
 j - a +2 war axe of freezing
 F - a +2 halberd of venom
Missiles
 f - 4 curare-tipped darts
 i - 13 poisoned darts (quivered)
 z - 2 javelins
 E - 3 boomerangs
Armour
 c - a +1 kite shield (worn)
 u - a +1 scale mail of cold resistance
 J - a +0 cloak (worn)
 K - a +1 pair of gloves (worn)
 P - +0 acid dragon scales (worn)
 W - a +0 plate armour
Jewellery
 b - an uncursed ring of protection from cold
 h - a ring of poison resistance (left hand)
 n - an amulet of the acrobat (around neck)
 A - a +4 ring of protection (right hand)
 B - an uncursed ring of willpower
Wands
 v - a wand of polymorph (2)
 G - a wand of iceblast (6)
 H - a wand of flame (46)
Scrolls
 e - 7 scrolls of remove curse
 m - 6 scrolls of teleportation
 r - 3 scrolls of blinking
 s - 7 scrolls of identify
 I - 3 scrolls of fog
 N - a scroll of enchant weapon
 O - 2 scrolls of magic mapping
Potions
 g - a potion of magic {unknown}
 k - 5 potions of lignification
 l - 5 potions of curing
 o - a potion of heal wounds
 C - 2 potions of haste
 M - 2 potions of berserk rage
 T - 2 potions of flight
 V - a potion of cancellation


   Skills:
 + Level 6.8 Fighting
 * Level 10.2 Long Blades
 - Level 6.6 Axes
 + Level 0.2 Throwing
 + Level 5.0 Armour
 + Level 3.1 Dodging
 + Level 0.3 Stealth
 + Level 5.1 Shields
 * Level 6.5 Invocations


You had 10 spell levels left.
You didn't know any spells.
Your spell library contained the following spells:

 Spells                   Type           Power        Failure   Level
 Foxfire                  Conj/Fire      0%           77%         1
 Confusing Touch          Hex            0%           98%         3
 Conjure Flame            Conj/Fire      0%           98%         3
 Gell's Gravitas          Tloc           0%           98%         3
 Inner Flame              Hex/Fire       0%           98%         3
 Petrify                  Tmut/Erth      0%           100%        4
 Sticky Flame             Conj/Fire      0%           100%        4
 Fireball                 Conj/Fire      0%           100%        5
 Metabolic Englaciation   Hex/Ice        0%           100%        5
 Yara's Violent Unravell  Hex/Tmut       0%           100%        5


Dungeon Overview and Level Annotations

Branches:
Dungeon (11/15)            Temple (0/1) D:4            Lair (0/6) D:10
    Orc (0/2) D:9         Ossuary (visited)         Gauntlet (1/1)

Altars:
Kikubaaqudgha
Makhleb
Nemelex Xobeh
Okawaru
Ru
Uskayaw
Vehumet
Wu Jian
Xom
Zin
The Shining One

Shops:
D:10 !

Annotations:
Gauntlet 11 transporters, exclusion: oklob plant


Innate Abilities, Weirdness & Mutations

You are completely covered in rugged brown scales. (AC +3, +7% HP)
You have supernaturally acute eyesight. (SInv)
Armour fits poorly on your strangely shaped body.
You can roll at nearby foes to attack.
You have a long armoured tail.
You curl defensively after being hit.


Message History

The death drake bites you but does no damage.
The centaur warrior zombie misses your ynoxinul.
The centaur warrior zombie closely misses you.
Your ynoxinul hits the centaur warrior zombie!
The death drake breathes miasma at you. The foul vapour engulfs you.
You are poisoned.
* * * LOW HITPOINT WARNING * * *
The spectral centaur warrior hits you but does no damage.
The centaur warrior zombie hits your ynoxinul but does no damage.
You feel better.
You are engulfed in dark miasma.
You feel as though you will be slow longer.
* * * LOW HITPOINT WARNING * * *
The centaur warrior zombie hits you.
* * * LOW HITPOINT WARNING * * *
You block the spectral centaur warrior's attack.
The death drake breathes miasma at you. The foul vapour engulfs you!
You are lethally poisoned!
You die...

###≈.....................
#8#......................
###..###########...######
#..#...#.#...#.8.##.©..
###..#..#...#..#...#3#..#
#8#..#.##...##(#####.##.#
###..##.Z#.##.)#...##.#.#
#.©#.Zk3©.#.©#©.©###.##
###..##Z@#°##..#...#..#.#
#8#..#.##...##Z######.#.#
###..#..#...#.Z#...#.#.#.
#..#...#.#..k#...#..#.#
###..###########...######
#8#§.............≈.......
###∩...∩........≈8≈......
#≈.............§.......
###..###########...######


You could see a death drake (catching breath), a spectral centaur warrior, 2
centaur warrior zombies and a friendly ynoxinul (summoned).

Vanquished Creatures
  An unseen horror (D:10)
  Maggie (D:7)
  A troll (D:11)
  Sigmund (D:6)
  2 wyverns (D:10)
  A wraith (D:9)
  2 shadows
  5 yaks
  Eustachio (D:6)
  A steam dragon (D:9)
  A two-headed ogre zombie (D:9)
  2 water moccasins (D:10)
  4 ice beasts
  An orc warrior (D:9)
  5 phantoms
  2 necrophages (D:8)
  3 ogres
  4 centaurs
  2 big kobolds
  3 bullfrogs
  9 scorpions
  A water moccasin skeleton (D:10)
  4 troll zombies (D:9)
  7 howler monkeys
  5 wights (D:10)
  2 human zombies (Ossuary)
  2 bullfrog zombies
  4 centaur zombies
  2 quasits
  A hound (D:6)
  2 jellies
  A gnoll shaman (D:6)
  5 orc priests
  2 bullfrog skeletons
  Ijyb (D:3)
  3 iguanas
  7 orc wizards
  5 worker ants
  3 ogre zombies (D:9)
  A big kobold zombie (Ossuary)
  A hound zombie (D:8)
  4 mummies
  7 gnolls
  A howler monkey skeleton (D:8)
  11 adders
  2 scorpion zombies (Ossuary)
  A shadow imp (D:6)
  2 white imps
  An ooze (D:2)
  2 ufetubi
  An adder skeleton (D:10)
  A worm (D:2)
  3 dart slugs
  7 leopard geckos
  21 orcs
  8 bats
  4 bat zombies (D:6)
  4 giant cockroaches
  2 gnoll zombies (Ossuary)
  6 goblins
  7 hobgoblins
  6 jackals
  13 kobolds
  2 quokkas
  3 ball pythons (D:4)
  8 frilled lizards
  A giant cockroach zombie (D:5)
  A goblin skeleton (D:9)
  2 goblin zombies (Ossuary)
  4 hobgoblin zombies
  5 kobold zombies (Ossuary)
  5 orc skeletons (D:9)
  20 orc zombies
  A quokka skeleton (D:9)
  14 rats
291 creatures vanquished.

Vanquished Creatures (collateral kills)
  A wyvern (D:10)
  A yak (D:10)
  A water moccasin (D:10)
  A hound (D:8)
4 creatures vanquished.

Vanquished Creatures (others)
  An orc (D:5)
  3 demonic plants (Gauntlet)
  A fungus (D:10)
  15 plants
20 creatures vanquished.

Grand Total: 315 creatures vanquished

Notes
Turn   | Place    | Note
-------+----------+-------------------------------------------
     0 | D:1      | jlumianski the Palentonga Fighter began the quest for the
                  | Orb.
     0 | D:1      | Reached XP level 1. HP: 20/20 MP: 1/1
   115 | D:1      | Reached XP level 2. HP: 14/27 MP: 2/2
   530 | D:2      | Reached XP level 3. HP: 30/33 MP: 3/3
   983 | D:2      | Found a glowing golden altar of the Shining One.
  1104 | D:2      | Found a radiant altar of Vehumet.
  1494 | D:2      | Found a burning altar of Makhleb.
  1496 | D:2      | Reached XP level 4. HP: 40/40 MP: 4/4
  1500 | D:2      | Became a worshipper of Makhleb the Destroyer
  2124 | D:3      | Found an iron altar of Okawaru.
  2178 | D:3      | Noticed Ijyb
  2189 | D:3      | Killed Ijyb
  2286 | D:3      | Reached * piety under Makhleb
  2353 | D:3      | Found a sparkling altar of Nemelex Xobeh.
  2632 | D:4      | Noticed a phantom
  2638 | D:4      | Reached XP level 5. HP: 37/49 MP: 5/5
  2639 | D:4      | Found a staircase to the Ecumenical Temple.
  2644 | D:4      | Killed a phantom
  2645 | D:4      | Reached skill level 1 in Dodging
  3428 | D:5      | Entered Level 5 of the Dungeon
  3472 | D:4      | Reached skill level 1 in Invocations
  3472 | D:4      | Reached XP level 6. HP: 49/55 MP: 6/6
  3826 | D:5      | Found a sacrificial altar of Ru.
  3870 | D:5      | Noticed an ice beast
  3898 | D:5      | Killed an ice beast
  3899 | D:5      | Gained mutation: You curl defensively after being hit.
                  | [Palentonga growth]
  3899 | D:5      | Reached XP level 7. HP: 34/63 MP: 8/8
  4066 | D:6      | Reached skill level 5 in Axes
  4486 | D:6      | Noticed Sigmund
  4491 | D:6      | Noticed Eustachio
  4501 | D:6      | Killed Sigmund
  4505 | D:6      | Killed Eustachio
  4506 | D:6      | Reached XP level 8. HP: 29/71 MP: 10/10
  4507 | D:6      | Reached ** piety under Makhleb
  4775 | D:6      | Found the +8 autumn katana {vorpal, Clar}
  5022 | D:5      | Noticed a +0 hand axe
  5026 | D:5      | Found a hide-covered altar of Uskayaw.
  5027 | D:5      | Noticed a +0 dagger
  5251 | D:6      | Found an ancient bone altar of Kikubaaqudgha.
  5308 | D:6      | Reached skill level 5 in Fighting
  5371 | D:7      | Noticed Maggie
  5430 | D:7      | Found a sand-covered staircase.
  5435 | Ossuary  | Entered an ossuary
  5450 | Ossuary  | Reached skill level 1 in Long Blades
  5510 | Ossuary  | Reached skill level 2 in Long Blades
  5540 | Ossuary  | Reached skill level 3 in Long Blades
  5614 | Ossuary  | Reached *** piety under Makhleb
  5641 | Ossuary  | Reached skill level 4 in Long Blades
  5641 | Ossuary  | Reached XP level 9. HP: 67/79 MP: 12/12
  6183 | D:7      | Reached skill level 5 in Long Blades
  6224 | D:7      | Killed Maggie
  6487 | D:6      | Reached skill level 6 in Long Blades
  6487 | D:6      | Reached skill level 5 in Invocations
  6499 | D:6      | Found a glowing golden altar of the Shining One.
  6525 | D:6      | Got a vibrating bronze ring
  6526 | D:6      | Identified the ring of the Enemy {*Tele Str+4} (You found
                  | it on level 6 of the Dungeon)
  6628 | D:6      | Found a shimmering altar of Xom.
  6862 | D:8      | Reached **** piety under Makhleb
  6970 | D:8      | Reached skill level 7 in Long Blades
  7587 | D:8      | Reached XP level 10. HP: 88/88 MP: 14/14
  8024 | D:9      | Reached skill level 8 in Long Blades
  8054 | D:9      | Found a staircase to the Orcish Mines.
  8319 | D:9      | Found a glowing silver altar of Zin.
  8323 | D:10     | Entered Level 10 of the Dungeon
  8337 | D:9      | Found an ornate altar of the Wu Jian Council.
  8337 | D:9      | Reached ***** piety under Makhleb
  8528 | D:10     | Reached skill level 5 in Armour
  8651 | D:10     | Reached skill level 9 in Long Blades
  8692 | D:10     | Found a staircase to the Lair.
  8946 | D:10     | Noticed an unseen horror
  8966 | D:10     | Killed an unseen horror
  8967 | D:10     | Reached skill level 5 in Shields
  9088 | D:10     | Reached skill level 10 in Long Blades
  9301 | D:10     | Reached XP level 11. HP: 96/97 MP: 15/15
  9385 | D:10     | Found Uthuf's Distillery.
  9388 | D:10     | Bought a potion of heal wounds for 55 gold pieces
  9388 | D:10     | Bought a potion of heal wounds for 55 gold pieces
  9388 | D:10     | Bought a potion of curing for 33 gold pieces
  9604 | D:11     | Found a gate leading to a gauntlet.
  9611 | Gauntlet | Entered a Gauntlet
  9611 | Gauntlet | Found a transporter.
  9611 | Gauntlet | Found a transporter.
  9611 | Gauntlet | Found the ring of the Octopus King
  9612 | Gauntlet | Found a transporter.
  9615 | Gauntlet | Found a transporter.
  9615 | Gauntlet | Found a transporter.
  9623 | Gauntlet | Noticed a death drake
  9632 | Gauntlet | Found a transporter.
  9632 | Gauntlet | Noticed a wretched star
  9704 | Gauntlet | Found a transporter.
  9706 | Gauntlet | Noticed a sixfirhy
  9714 | Gauntlet | Found a transporter.
  9730 | Gauntlet | Found a transporter.
  9739 | Gauntlet | Noticed an oklob plant
  9740 | Gauntlet | Found a transporter.
  9756 | Gauntlet | Found a transporter.
  9762 | Gauntlet | Found a transporter.
  9827 | Gauntlet | HP: 3/95 [death drake/foul vapour (21)]
  9830 | Gauntlet | Killed from afar by a death drake

Illustrated notes

Levels and vault maps discovered:
D:1:      minmay_arrival_open_corners, layout_basic, minmay_lizard_pond
D:2:      layout_basic, old_standard_altar, old_standard_altar, bloody_makhleb
D:3:      layout_loops_ring, nicolae_overflow_crystal_walls,
          lemuel_crystal_altar, uniq_ijyb
D:4:      layout_gridville, minmay_temple_entry_trees
D:5:      layout_basic, general_overflow_altar, dancing_weapons_uskayaw,
          serial_bayou_ford_a, nrook_loot_triangle
D:6:      layout_cave_pools, lemuel_zombie_altar_kikubaaqudgha, kennysheep_mini,
          nicolae_tso_carved_into_rock, uniq_sigmund, uniq_eustachio
D:7:      layout_basic, serial_corexii_hall, corexii_hall_statues_s,
          corexii_hall_statues_deadend, nicolae_ossuary_entry_giza, uniq_maggie
D:8:      layout_cave_pods
D:9:      layout_rooms, grunt_temple_overflow_open, zombieorc2_lemuel,
          kennysheep_generic_room_10
D:10:     layout_roguey, minmay_lair_entry_grove, serial_shops,
          kennysheep_mini_moat
D:11:     layout_roguey, gauntlet_entry_generic, serial_shops,
          nicolae_shop_window_shopping, kennysheep_path_1
Gauntlet: gammafunk_gauntlet_shortcut [gammafunk_gauntlet_arena_chambers,
          gammafunk_gauntlet_arena_mazey, nicolae_gauntlet_swirl,
          nicolae_gauntlet_arena_quarters, nicolae_gauntlet_arena_t_cross,
          nicolae_gauntlet_arena_flowing_pool, gauntlet_exit_watery]

Skill      XL: |  1  2  3  4  5  6  7  8  9 10 |
---------------+-------------------------------+-----
Armour         | 3 4 5 |  5.0
Axes           | 3 4 6 |  6.6
Dodging        | 1 2 3 |  3.1
Shields        | 3 4 5 |  5.1
Invocations    | 1 2 3 4 5 6 |  6.5
Fighting       | 4 5 6 |  6.8
Long Blades    | 4 7 10 | 10.2
Throwing       | |  0.2
Stealth        | |  0.3

Action                   |  1- 3 |  4- 6 |  7- 9 | 10-12 || total
-------------------------+-------+-------+-------+-------++-------
Melee: War axe           |   119 |   169 |    89 |     9 ||   386
       Tailslap          |    10 |    21 |    29 |    27 ||    87
       Unarmed           |       |     3 |       |       ||     3
       Katana            |       |       |   183 |   195 ||   378
Throw: Dart              |       |     2 |     4 |     1 ||     7
Invok: Lesser Servant of |       |       |     1 |     2 ||     3
       Minor Destruction |       |       |     1 |       ||     1
 Abil: Rolling Charge    |    29 |    26 |    39 |    29 ||   123
  Use: Scroll            |     4 |       |     7 |     6 ||    17
       Potion            |     1 |     3 |     2 |     6 ||    12
Armor: Scale mail        |    77 |    78 |   106 |       ||   261
       Acid dragon scale |       |       |    46 |    69 ||   115
Dodge: Dodged            |    36 |    41 |   105 |    79 ||   261
Block: Kite shield       |    61 |   101 |   162 |   102 ||   426
       Rpst.: Katana     |       |       |    18 |    16 ||    34
